 Dungeon Crawl Stone Soup version 0.21.0-3-g78d12a8 (webtiles) character file.

69 Gaball the Slasher (level 4, -2/57 HPs)
             Began as a Draconian Monk on Jan 12, 2018.
             Killed from afar by a white imp (8 damage)
             ... with a puff of frost
             ... summoned by Natasha
             ... on level 3 of the Dungeon.
             The game lasted 00:04:31 (2986 turns).

Gaball the Slasher (Draconian Monk)                 Turns: 2986, Time: 00:04:31

Health: -2/57      AC: 22    Str: 13    XL:     4   Next: 2%
Magic:  4/4        EV:  2    Int: 10    God:
Gold:   108        SH:  0    Dex: 20    Spells: 3/3 levels left

rFire    . . .     SeeInvis .   a - +0 falchion
rCold    . . .     Gourm    .   (no shield)
rNeg     + + +     Faith    .   (armour unavailable)
rPois    +         Spirit   .   (helmet currently unavailable)
rElec    .         Reflect  .   (cloak currently unavailable)
rCorr    .         Harm     .   (gloves currently unavailable)
MR       .....     NoTele   +   (boots currently unavailable)
Stlth    +++.......             (no amulet)
HPRegen  0.19/turn              (no ring)
MPRegen  0.09/turn              (no ring)

@: agile, tree-form, slowed, very slow
A: unfitting armour, AC +5
a: no special abilities


You were on level 3 of the Dungeon.
You were not hungry.
You were a tree.
You visited 1 branch of the dungeon, and saw 3 of its levels.

You collected 108 gold pieces.

Inventory:

Hand Weapons
 a - a +0 falchion (weapon)
 j - a +3 whip
Armour
 k - a +0 pair of boots (melded)
 r - a +0 ring mail
Wands
 o - a wand of enslavement (11)
Scrolls
 e - 2 scrolls of teleportation
 g - a scroll of fear {unknown}
 n - a scroll of blinking {unknown}
 p - 2 scrolls of amnesia {unknown}
 q - a scroll of enchant armour {unknown}
 s - a scroll of random uselessness {unknown}
 t - a scroll of remove curse {unknown}
Potions
 c - 3 potions of agility
 d - a potion of might {unknown}
 f - a potion of curing {unknown}
 h - a potion of brilliance {unknown}
 i - a potion of lignification
 l - a potion of heal wounds
 u - a potion of cancellation {unknown}
Books
 m - a book of Minor Magic

   Spells                             Type                      Level
   a - Magic Dart                     Conjuration                  1
   b - Blink                          Translocation                2
   c - Call Imp                       Summoning                    2
   d - Slow                           Hexes                        2
   e - Conjure Flame                  Conjuration/Fire             3
   f - Mephitic Cloud                 Conjuration/Poison/Air       3
Comestibles
 b - 6 rations


   Skills:
 - Level 3.2 Fighting
 + Level 4.9 Long Blades
 - Level 2.6 Dodging
 - Level 1.7 Stealth


You had 3 spell levels left.
You didn't know any spells.

Dungeon Overview and Level Annotations

Branches:
Dungeon (3/15)

Altars:
Sif Muna

Annotations:
D:3 Natasha


Innate Abilities, Weirdness & Mutations

((Your plain brown scales are hard. (AC +5)))
You cannot fit into any form of body armour.
((You are cold-blooded and may be slowed by cold attacks.))


Message History

Natasha claws you but does no damage. The white imp gestures at you.
Helpless, you fail to dodge the puff of frost.
You hit Natasha.
Natasha is moderately wounded.
The iron imp disappears for a moment.
Natasha mumbles some strange words.
Natasha glows brightly for a moment.
Natasha claws you.
* * * LOW HITPOINT WARNING * * *
The white imp hits you.
* * * LOW HITPOINT WARNING * * *
The white imp freezes you.
* * * LOW HITPOINT WARNING * * *
You barely miss Natasha.
Natasha is moderately wounded.
Natasha claws you but does no damage. The white imp gestures at you.
The puff of frost hits you!
You die...

## ##'#..............#....#
#.##
.###.............#...#....#
#...
.'.'....#####....#...#....#
#... .###.<†.#
#.....#...#....#####.. ##
#....#
#.....#.).(...........
#....#
#.....##..####.####..†
###### #....5###(## #.#
#... ###+#h###..###.####.##
#♣#.............##
#5#.#...##.#...##.
..#.#.#.##.#...##.
...#.#.#.##.######.
....#.#.#..#.# #.
#..!.#.#.##.#.# #.
##+#>#.#.##.#.# ###'
#.#.#.##.#.####...
#.#.........'...


You could see an iron imp, Natasha and a white imp.

Vanquished Creatures
  An adder (D:2)
  An adder skeleton (D:2)
  2 worms
  A dart slug (D:2)
  2 leopard geckos
  2 giant cockroaches (D:2)
  5 goblins
  9 hobgoblins
  2 quokkas (D:3)
  2 ball pythons
  8 bats
  2 frilled lizards (D:1)
  3 kobolds
  6 rats
46 creatures vanquished.

Notes
Turn   | Place    | Note
-------+----------+-------------------------------------------
     0 | D:1      | Gaball the Draconian Monk began the quest for the Orb.
     0 | D:1      | Reached XP level 1. HP: 19/19 MP: 1/1
   184 | D:1      | Reached XP level 2. HP: 26/26 MP: 2/2
  1156 | D:2      | Reached skill level 4 in Long Blades
  1691 | D:2      | Reached XP level 3. HP: 31/31 MP: 3/3
  1947 | D:2      | Found a deep blue altar of Sif Muna.
  2915 | D:3      | Reached XP level 4. HP: 31/38 MP: 4/4
  2966 | D:3      | Noticed Natasha
  2986 | D:3      | Killed from afar by a white imp

Skill      XL: |  1  2 |
---------------+-------+-----
Long Blades    | 4 |  4.9
Fighting       | |  3.2
Dodging        | |  2.6
Stealth        | |  1.7

Action                   |  1- 3 |  4- 6 || total
-------------------------+-------+-------++-------
Melee: Falchion          |   142 |    10 ||   152
       Tailslap          |    16 |       ||    16
  Use: Potion            |       |     3 ||     3
       Scroll            |       |     1 ||     1
 Stab: Sleeping          |     5 |       ||     5
       Distracted        |     1 |       ||     1
  Eat: Chunk             |     3 |       ||     3
       Ration            |     1 |       ||     1
Armor: Skin              |    40 |     5 ||    45
Dodge: Dodged            |    99 |    14 ||   113
       Rpst.: Falchion   |    36 |     4 ||    40
